 Dungeon Crawl Stone Soup version 0.30-a0-802-gb92711bcdf (webtiles) character file.

Game seed: 2461349028552039268

46 Darius099 the Chopper (level 3, -2/31 HPs)
             Began as a Minotaur Fighter on Feb 24, 2023.
             Slain by Ijyb
             ... wielding a +0 club
              (4 damage)
             ... on level 3 of the Dungeon.
             The game lasted 00:04:01 (1214 turns).

Darius099 the Chopper (Minotaur Fighter)            Turns: 1214, Time: 00:04:02

Health: -2/31      AC:  6    Str: 22    XL:     3   Next: 44%
Magic:  2/2        EV: 14    Int:  5    God:
Gold:   90         SH:  4    Dex:  9    Spells: 2/2 levels left

rFire   . . .      SeeInvis .    a - +0 war axe
rCold   . . .      Faith    .    c - +0 buckler
rNeg    . . .      Spirit   .    b - +0 scale mail
rPois   .          Reflect  .    (helmet restricted)
rElec   .          Harm     .    (no cloak)
rCorr   .          Rampage  .    (no gloves)
Will    .....                    (no boots) Stlth
                                 (no amulet)
HPRegen 0.25/turn                m - +5 ring of evasion
MPRegen 0.08/turn                (no ring)

@: no status effects
A: horns 2, retaliatory headbutt
a: no special abilities


You were on level 3 of the Dungeon.
You visited 1 branch of the dungeon, and saw 3 of its levels.

You collected 90 gold pieces.

Inventory:

Hand Weapons
 a - a +0 war axe (weapon)
Missiles
 e - 10 stones (quivered)
Armour
 b - a +0 scale mail (worn)
 c - a +0 buckler (worn)
Jewellery
 m - a +5 ring of evasion (left hand)
Scrolls
 f - a scroll of fog {unknown}
 g - a scroll of enchant armour {unknown}
 j - 2 scrolls of identify
 k - a scroll of teleportation {unknown}
 l - a scroll of fear {unknown}
 n - a scroll of noise {unknown}
Potions
 d - a potion of might
 h - 2 potions of curing
 i - a potion of flight


   Skills:
 - Level 3.6 Fighting
 + Level 4.7 Axes
 - Level 3.6 Armour
 - Level 3.6 Shields


You had 2 spell levels left.
You didn't know any spells.
Your spell library contained the following spells:

 Spells                   Type           Power      Damage    Failure   Level
 Stone Arrow              Conj/Erth      0%         3d7       99%         3
 Animate Armour           Summ/Erth      0%         N/A       100%        4
 Manifold Assault         Tloc           0%         N/A       100%        4
 Dispersal                Tloc           0%         N/A       100%        6
 Disjunction              Tloc           0%         N/A       100%        8
 Lehudib's Crystal Spear  Conj/Erth      0%         10d2      100%        8


Dungeon Overview and Level Annotations

Branches:
Dungeon (3/15)

Altars:

Annotations:
D:3 Ijyb


Innate Abilities, Weirdness & Mutations

You have a pair of horns on your head.
You reflexively headbutt those who attack you in melee.


Message History

The rat moves out of view.
You slash the endoplasm!
You kill the endoplasm!
No target in view!
No target in view!
You hit the rat but do no damage. You headbutt the rat.
You kill the rat!
No target in view!
No target in view!
No target in view!
You see here a rat corpse.
m - a +5 ring of evasion
m - a +5 ring of evasion (left hand)
Found a ring mail.
You see here a +0 ring mail.
Things that are here:
a hobgoblin skeleton; a hobgoblin skeleton
n - a scroll labelled TATHET KIAFYCKU No target in view!
No target in view!
There is a stone staircase leading down here.
Done exploring.
Done exploring.
There is a stone staircase leading down here.
You climb downwards.
Found 13 gold pieces and a leather armour.
Found a stone staircase leading down.
There is a stone staircase leading up here.
You see here 13 gold pieces.
Ijyb zaps a wand.
Your mind is blasted!
Ouch! That really hurt!
You are too injured to fight recklessly!
You are too injured to fight recklessly!
You are too injured to fight recklessly!
Found a scroll labelled MIEFOU GYUDUF.
Ijyb screams, "Get away!"
Ijyb zaps a wand.
Your mind is blasted!
* * * LOW HITPOINT WARNING * * *
You closely miss Ijyb. Ijyb hits you with a +0 club.
You die...

...?...##
##.......
#.......#
#.......#
#.......
#.....
#..g# #
##@##.#
#>....#
##.$####
#..<.#
#..##.#
....# ..#
#.[..
#J.#
.....
.... ....
##.##


You could see Ijyb and an endoplasm.

Vanquished Creatures
  An adder (D:2)
  A dart slug (D:1)
  4 ball pythons
  3 endoplasms
  6 goblins
  5 hobgoblins
  A quokka (D:1)
  A frilled lizard (D:1)
  4 kobolds
  6 rats
32 creatures vanquished.

Notes
Turn   | Place    | Note
-------+----------+-------------------------------------------
     0 | D:1      | Darius099 the Minotaur Fighter began the quest for the Orb.
     0 | D:1      | Reached XP level 1. HP: 19/19 MP: 0/0
   269 | D:1      | Reached skill level 3 in Axes
   333 | D:1      | Reached XP level 2. HP: 25/26 MP: 1/1
   662 | D:1      | Reached skill level 4 in Axes
   823 | D:2      | Reached XP level 3. HP: 26/31 MP: 2/2
  1210 | D:3      | Noticed Ijyb
  1214 | D:3      | Slain by Ijyb

Illustrated notes

Levels and vault maps discovered:
D:1:      scummos_arrival_checkerplants, layout_loops_ring,
          chequers_serial_rivers_large_b, chequers_serial_rivers_large_a
D:2:      layout_rooms
D:3:      layout_rooms, mainiacjoe_overflow_small_starburst, uniq_ijyb

Skill      XL: |  1  2 |
---------------+-------+-----
Axes           | 3 4 |  4.7
Fighting       | |  3.6
Armour         | |  3.6
Shields        | |  3.6

Action                     || total
---------------------------++-------
  Melee: War axe           ||    65
         Headbutt          ||     8
    Use: Scroll            ||     2
 Armour: Scale mail        ||    23
  Dodge: Dodged            ||    23
  Block: Buckler           ||    12

Table legend: (Time is in decaauts)
 A = Elapsed time spent in this place.
 B = Non-inter-level travel time spent in this place.
 C = Inter-level travel time spent in this place.
 D = Time resting spent in this place.
 E = Time spent auto-exploring this place.
 F = Levels seen in this place.
 G = Mean time per level.
                   A        B        C        D        E       F      G
               +--------+--------+--------+--------+--------+-----+--------+
         Total |   1278 |   1240 |     38 |      0 |   1020 |   3 |  426.0 |
       Dungeon |   1278 |   1240 |     38 |      0 |   1020 |   3 |  426.0 |
               +--------+--------+--------+--------+--------+-----+--------+

Top non-repeatable levels by time:
     D:1: 856 daAuts
     D:2: 417 daAuts
     D:3: 3 daAuts
